 Dungeon Crawl Stone Soup version 0.28.0-62-gf88900778d (webtiles) character file.

Game seed: 16239183758370395285

4713 cbfl8 the Cleaver (level 10, -10/88 HPs)
             Began as a Minotaur Berserker on July 2, 2023.
             Was an Elder of Trog.
             Collided with some deep water (20 damage)
             ... caused by a swamp worm
             ... on level 9 of the Dungeon.
             The game lasted 00:07:14 (10907 turns).

cbfl8 the Cleaver (Minotaur Berserker)             Turns: 10907, Time: 00:07:15

Health: -10/88     AC: 18    Str: 21    XL:     10   Next: 22%
Magic:  9/9        EV: 10    Int:  4    God:    Trog [****..]
Gold:   366        SH:  0    Dex: 15    Spells: 9/9 levels left

rFire   . . .      SeeInvis .   w - +0 war axe
rCold   . . .      Faith    +   (no shield)
rNeg    . . .      Spirit   .   a - +0 chain mail
rPois   .          Reflect  .   p - +1 hat
rElec   .          Harm     .   m - +0 cloak
rCorr   .          Rampage  .   g - +0 pair of gloves
Will    +....                   t - +2 pair of boots
Stlth   ..........              n - amulet of faith
HPRegen 0.24/turn               x - ring of willpower
MPRegen 0.11/turn               (no ring)

@: on berserk cooldown, slowed, very slow
A: horns 2, retaliatory headbutt
a: Renounce Religion, Berserk, Trog's Hand, Brothers in Arms


You were on level 9 of the Dungeon.
You worshipped Trog.
Trog was greatly pleased with you.
You visited 1 branch of the dungeon, and saw 9 of its levels.

You collected 436 gold pieces.
You spent 70 gold pieces at shops.

Inventory:

Hand Weapons
 w - a +0 war axe (weapon)
Missiles
 v - 2 throwing nets (quivered)
Armour
 a - a +0 chain mail (worn)
 g - a +0 pair of gloves (worn)
 m - a +0 cloak (worn)
 p - a +1 hat (worn)
 t - a +2 pair of boots (worn)
Jewellery
 n - an amulet of faith (around neck)
 x - a ring of willpower (left hand)
Wands
 b - a wand of acid (15)
 j - a wand of paralysis (8)
 s - a wand of flame (18)
Scrolls
 h - 3 scrolls of teleportation
 i - 3 scrolls of fear
 k - 2 scrolls of brand weapon
 o - a scroll of silence
 r - 2 scrolls of summoning
 y - a scroll of vulnerability
 z - a scroll of enchant weapon {unknown}
Potions
 c - 2 potions of curing
 d - 2 potions of might
 e - 2 potions of heal wounds
 f - 2 potions of haste
 l - a potion of mutation
 q - a potion of flight
 u - 2 potions of invisibility


   Skills:
 + Level 7.9 Fighting
 + Level 10.9 Axes
 + Level 9.1 Armour
 + Level 4.9 Dodging
 + Level 1.5 Stealth
 * Level 5.9 Evocations


You had 9 spell levels left.
You didn't know any spells.
Your spell library was empty.

Dungeon Overview and Level Annotations

Branches:
Dungeon (9/15)             Temple (0/1) D:7
   Lair: D:8-11         Orc: D:9-12

Altars:
Hepliaklqana
Beogh

Shops:
D:4 *   D:8 :

Annotations:
D:4 2 transporters, cbfl8's ghost, amateur MiBe


Innate Abilities, Weirdness & Mutations

You have a pair of horns on your head.
You reflexively headbutt those who attack you in melee.


Message History

The swamp worm bites you but does no damage.
You slice the swamp worm!!
You kill the swamp worm!
Trog accepts your kill.
You start resting.
You feel a strong urge to attack something.
You start resting.
You feel your anger nearly subside.
You are no longer berserk.
You are exhausted.
You feel yourself slow down.
You start resting.
A swamp worm comes into view.
A swamp worm is nearby!
The swamp worm bites you but does no damage.
The swamp worm bites you. The swamp worm closely misses you.
You furiously retaliate!
You headbutt the swamp worm!
A swamp worm is nearby!
Okay, then.
As you read the scroll of fear, it crumbles to dust.
You assume a fearsome visage.
The swamp worm looks frightened!
The swamp worm fires a harpoon shot at you.
The harpoon shot hits you.
You are yanked forward by the harpoon shot.
You violently stop moving!
Splash!
You fall into the shallow water.
Moving in this stuff is going to be slow.
A centaur warrior opens the door.
There is a stone staircase leading up, spattered with blood here.
The centaur warrior shouts!
The centaur warrior wields a +0 longbow.
The centaur warrior shoots an arrow.
The arrow hits you!!
* * * LOW HITPOINT WARNING * * *
The swamp worm fires a harpoon shot at you.
The harpoon shot hits you.
* * * LOW HITPOINT WARNING * * *
You stop ascending the stairs.
You are yanked forward by the harpoon shot.
You violently stop moving!
You die...

#.... +. #...# #.. #...#
.c. #...#
..###'##+#####...#####
.....................+
............≈≈≈≈≈#####
############..<.≈≈≈≈≈≈≈...
...........#..@≈†≈###≈≈≈≈..
...........#.≈≈≈###≈ ##≈≈≈.
...........#.≈≈w#≈≈≈ #≈≈.
...........#.≈≈≈≈≈?≈≈≈ ≈≈#
..........<#.≈≈≈#≈≈w≈≈ ≈.
...........#.≈≈≈###≈##
#######'####..≈≈≈≈# #
................≈≈≈≈
..............###≈≈≈


You could see a centaur warrior and a swamp worm.

Vanquished Creatures
  Harold (D:7)
  Joseph (D:7)
  Prince Ribbit (D:7)
  Sigmund (D:2)
  Eustachio (D:6)
  2 steam dragons (D:7)
  2 swamp worms (D:9)
  3 orc warriors
  2 sky beasts
  A black bear (D:6)
  2 ice beasts
  An ogre (D:7)
  3 necrophages
  2 centaurs
  2 bullfrogs
  A gnoll sergeant (D:8)
  2 scorpions
  A wyvern skeleton (D:7)
  7 wights
  A howler monkey (D:5)
  4 centaur zombies
  Crazy Yiuf (D:2)
  A hound (D:7)
  A jelly (D:6)
  2 bullfrog zombies
  7 orc priests
  5 orc wizards
  Ijyb (D:4)
  2 iguanas
  4 gnolls (D:8)
  3 adders
  A white imp (D:6)
  4 worms
  5 dart slugs
  15 orcs
  10 ball pythons
  3 bats
  5 endoplasms
  2 giant cockroaches
  8 goblins
  12 hobgoblins
  4 jackals (D:2)
  3 kobolds
  3 quokkas
  2 frilled lizards
  23 rats
168 creatures vanquished.

Vanquished Creatures (others)
  9 plants
9 creatures vanquished.

Grand Total: 177 creatures vanquished

Notes
Turn   | Place    | Note
-------+----------+-------------------------------------------
     0 | D:1      | cbfl8 the Minotaur Berserker began the quest for the Orb.
     0 | D:1      | Reached XP level 1. HP: 19/19 MP: 0/0
   679 | D:1      | Reached XP level 2. HP: 20/27 MP: 1/1
  1051 | D:1      | Reached skill level 4 in Axes
  1542 | D:2      | Noticed Sigmund
  1550 | D:2      | Killed Sigmund
  1551 | D:2      | Reached skill level 5 in Axes
  1551 | D:2      | Reached skill level 1 in Evocations
  1551 | D:2      | Reached XP level 3. HP: 27/35 MP: 2/2
  1551 | D:2      | Reached XP level 4. HP: 31/41 MP: 3/3
  1551 | D:2      | Reached XP level 5. HP: 36/47 MP: 4/4
  1792 | D:2      | Found a runed translucent door.
  1793 | D:2      | Noticed Crazy Yiuf
  1826 | D:2      | Reached ** piety under Trog
  2314 | D:2      | Reached skill level 5 in Fighting
  2932 | D:2      | Killed Crazy Yiuf
  3078 | D:3      | Found a hazy altar of Hepliaklqana.
  3129 | D:3      | Reached *** piety under Trog
  3443 | D:3      | Reached XP level 6. HP: 56/56 MP: 5/5
  3735 | D:3      | Found a faded altar of an unknown god.
  4209 | D:4      | Found Jats's General Store.
  4229 | D:4      | Noticed Ijyb
  4238 | D:4      | Killed Ijyb
  4277 | D:4      | Bought a potion of heal wounds for 70 gold pieces
  4671 | D:4      | Identified the +7 spear "Daefaru" {venom, Drain rN+++ Str+3
                  | Dex+2}
  4697 | D:4      | Found a transporter.
  4803 | D:4      | Found a transporter.
  5037 | D:4      | Noticed cbfl8's ghost (amateur MiBe)
  5062 | D:5      | Entered Level 5 of the Dungeon
  5067 | D:5      | Reached skill level 6 in Axes
  5121 | D:5      | Reached skill level 1 in Stealth
  5121 | D:5      | Reached XP level 7. HP: 55/61 MP: 6/6
  5444 | D:5      | Reached skill level 7 in Axes
  6364 | D:6      | Reached skill level 5 in Armour
  6364 | D:6      | Reached XP level 8. HP: 63/70 MP: 7/7
  7047 | D:6      | Noticed Eustachio
  7054 | D:6      | Killed Eustachio
  7055 | D:6      | Reached skill level 8 in Axes
  7704 | D:7      | Noticed Joseph
  7704 | D:7      | Paralysed by Joseph for 6 turns
  7715 | D:7      | Killed Joseph
  7716 | D:7      | Reached XP level 9. HP: 78/78 MP: 8/8
  7820 | D:7      | Found a staircase to the Ecumenical Temple.
  7825 | D:7      | Noticed Prince Ribbit
  7842 | D:7      | Killed Prince Ribbit
  7843 | D:7      | Reached skill level 9 in Axes
  8158 | D:7      | Reached **** piety under Trog
  8159 | D:7      | Reached skill level 5 in Evocations
  8492 | D:7      | Noticed Harold
  8504 | D:7      | Killed Harold
  8505 | D:7      | Reached skill level 10 in Axes
  9775 | D:8      | Reached XP level 10. HP: 72/88 MP: 9/9
 10422 | D:8      | Found Gemom's Book Boutique.
 10907 | D:9      | Noticed a centaur warrior
 10907 | D:9      | Collided with some deep water

Illustrated notes

Levels and vault maps discovered:
D:1:      sevenhm_arrival_forest_fort_large_2, layout_basic,
          serial_corexii_hall, corexii_hall_statues_u,
          chequers_hall_statues_corner_a
D:2:      layout_basic, minmay_rat_hole, uniq_crazy_yiuf_cottage, uniq_sigmund
D:3:      corexii_shack_village, layout_basic, overflow_temple_1_default,
          basic_ecumenical_altar, kennysheep_cluttered_room
D:4:      layout_loops_ring, gammafunk_ghost_gnarly_gnolls, serial_shops,
          nicolae_shop_window_shopping, uniq_ijyb
D:5:      layout_basic
D:6:      layout_cave_pods, uniq_eustachio
D:7:      layout_loops_ring, minmay_temple_entry_mist, uniq_harold,
          uniq_prince_ribbit1, uniq_joseph
D:8:      layout_cave_pods, serial_shops, shop, david_defended_altar_orc
D:9:      layout_irregular_city, lair_entry_dummy, erik_orc_4, worms_lemuel

Skill      XL: |  1  2  3  4  5  6  7  8  9 10 |
---------------+-------------------------------+-----
Axes           | 5 6 7 8 10 | 10.9
Fighting       | 4 5 6 7 |  7.9
Armour         | 3 5 6 8 9 |  9.1
Evocations     | 1 2 3 4 5 |  5.9
Dodging        | 3 4 |  4.9
Stealth        | 1 |  1.5

Action                   |  1- 3 |  4- 6 |  7- 9 | 10-12 || total
-------------------------+-------+-------+-------+-------++-------
Melee: Hand axe          |    39 |   173 |   127 |       ||   339
       Headbutt          |     7 |    32 |    46 |     9 ||    94
       Punch             |     1 |     1 |     3 |       ||     5
       War axe           |       |       |    94 |    53 ||   147
Invok: Berserk           |     1 |     2 |     7 |     2 ||    12
       Trog's Hand       |       |       |     1 |       ||     1
  Use: Scroll            |     3 |     4 |     4 |     2 ||    13
       Potion            |       |       |     3 |       ||     3
Armor: Animal skin       |     6 |    13 |       |       ||    19
       Scale mail        |       |    30 |    57 |       ||    87
       Chain mail        |       |       |    50 |    22 ||    72
Dodge: Dodged            |    25 |    92 |   118 |    23 ||   258
